Cogmind - Beta 13 @@@ ROGUE MODE // 2024.04.03 @ 22:31:33 Player: f3-rnm Result: Destroyed by H-77 Assassin with Coil Gun Performance ------------- Evolutions (7) 3500 Regions Visited (18) 3600 Robots Destroyed (298) 1490 Value Destroyed (13430) 13430 Prototype IDs (46) 920 Alien Tech Used (0) 0 Bonus (5568) 5568 TOTAL SCORE: 28508 Bonus ------- High Alert Combat Kills 3101 Follower Combat Kills 1443 Aligned with FarCom 300 Met Imprinter 300 Was Imprinted 300 Met R17 at Cetus 500 Friendly Fire -376 Cogmind --------- Core Integrity 0/1300 Matter 252/300 Energy 93/100 System Corruption 27% Temperature Cool (0) Movement Core (50) Location -3/Research Parts ------- > --- POWER (2) -------- (None) > --- PROPULSION (4) --- (None) > --- UTILITY (11) ----- Improved Hacking Suite > --- WEAPON (4) ------- Makeshift Hammer > --- INVENTORY (5) ---- Improved Matter Compressor (300) Centrium Medium Armor Plating Graphene Brace Graviton Cannon Peak State ------------ > --- POWER ------------ Particle Reactor Quantum Reactor > --- PROPULSION ------- Centrium Heavy Treads Centrium Heavy Treads > --- UTILITY ---------- Advanced Heat Sink High-capacity Storage Unit Tactical Coordination Suite Experimental Core Analyzer Improved Kinecellerator Advanced Weapon Cycler Improved Transmission Jammer Centrium Medium Armor Plating Graphene Brace Advanced Thermal Shield Improved Force Field > --- WEAPON ----------- Advanced KE Penetrator Advanced KE Penetrator Advanced KE Penetrator Tactical Quantum Warhead > --- INVENTORY -------- Light Antimatter Reactor Centrium Heavy Treads Centrium Heavy Treads Improved Matter Compressor Centrium Medium Armor Plating Improved Force Field Improved Hacking Suite Improved Hacking Suite Long-range Tractor Beam Hacking Drone Bay KE Penetrator 12-ASH's Boomstick Heavy Assault Cannon Bore Cannon Hardcell Cannon Makeshift Hammer CR-A16's Pointy Stick [Rating: 170] Favorites ----------- Power Angular Momentum Engine Engine Angular Momentum Engine Power Core Neutrino Core Reactor Quantum Reactor Propulsion Medium Treads Treads Medium Treads Leg Improved Aluminum Leg Wheel Armored Huge Wheel Utility High-capacity Storage Unit Device Weapon Cycler Storage High-capacity Storage Unit Processor Experimental Core Analyzer Hackware Improved Hacking Suite Protection Improved Utility Shielding Weapon Enhanced Autogun Energy Gun Advanced Beam Rifle Energy Cannon Plasma Cannon Ballistic Gun Enhanced Autogun Ballistic Cannon Light Cannon Launcher Precision Rocket Launcher Impact Weapon Makeshift Hammer Slashing Weapon Katana Build | -11 -10 -10 -10 -9 -8 -8 -7 -6 -6 -6 -6 -5 -5 -4 -4 -4 -4 -3 ------- Run | Yrd Mat Min Exi Min Mat Sto Fac Fac Low Low Zio Pro Fac Fac Ext Cet Arc Res Slots Evolved 14 | . . . . . 4 . 2 2 . . . . 2 2 . . . 2 Power 1 | . . . . . . . . . . . . . 1 . . . . . Propulsion 2 | . . . . . 2 . . . . . . . . . . . . . Utility 9 | . . . . . 2 . 1 1 . . . . 1 2 . . . 2 Weapon 2 | . . . . . . . 1 1 . . . . . . . . . . Parts Attached 237 | 7 3 . . 2 10 35 16 15 7 1 2 8 20 23 22 9 9 48 Power 17 | 1 . . . . 1 2 1 . 1 . . . 2 1 2 2 1 3 Engine 7 | 1 . . . . 1 2 1 . 1 . . . 1 . . . . . Core 3 | . . . . . . . . . . . . . 1 . 2 . . . Reactor 7 | . . . . . . . . . . . . . . 1 . 2 1 3 Propulsion 42 | 2 . . . 1 2 8 4 4 2 . 2 . 3 6 3 2 . 3 Treads 32 | 2 . . . 1 2 1 2 3 2 . 2 . 3 6 3 2 . 3 Leg 8 | . . . . . . 6 1 1 . . . . . . . . . . Wheel 2 | . . . . . . 1 1 . . . . . . . . . . . Hover . | . . . . . . . . . . . . . . . . . . . Flight . | . . . . . . . . . . . . . . . . . . . Utility 93 | 2 1 . . . 6 9 5 6 4 . . 2 13 9 6 3 4 23 Device 66 | 1 . . . . 6 6 3 3 2 . . 2 11 7 4 1 4 16 Storage 4 | 1 1 . . . . 1 . . . . . . 1 . . . . . Processor 1 | . . . . . . . . . . . . . . 1 . . . . Hackware 3 | . . . . . . . . 1 . . . . . . . . . 2 Protection 19 | . . . . . . 2 2 2 2 . . . 1 1 2 2 . 5 Artifact . | . . . . . . . . . . . . . . . . . . . Weapon 85 | 2 2 . . 1 1 16 6 5 . 1 . 6 2 7 11 2 4 19 Energy Gun 12 | 2 . . . . . 7 2 1 . . . . . . . . . . Energy Cannon 2 | . . . . . . 1 . . . . . . . . . . . 1 Ballistic Gun 38 | . . . . . . 2 3 3 . 1 . 5 1 6 3 1 4 9 Ballistic Cannon 19 | . 2 . . 1 1 1 . . . . . 1 . . 7 1 . 5 Launcher 5 | . . . . . . 1 . . . . . . . . 1 . . 3 Special Weapon . | . . . . . . . . . . . . . . . . . . . Impact Weapon 7 | . . . . . . 2 1 1 . . . . 1 1 . . . 1 Slashing Weapon 2 | . . . . . . 2 . . . . . . . . . . . . Piercing Weapon . | . . . . . . . . . . . . . . . . . . . Special Melee Weapon . | . . . . . . . . . . . . . . . . . . . Unidentified Prototypes 21 | . . . . . . 5 1 1 . . . . 3 2 . 2 1 6 Parts Lost 55 | . . . . 1 . 9 6 . 1 . . . 1 6 1 4 3 23 Power 6 | . . . . . . 1 1 . . . . . . 1 . . 1 2 Propulsion 16 | . . . . 1 . 3 5 . . . . . . 2 1 . . 4 Utility 19 | . . . . . . 3 . . 1 . . . 1 3 . 2 1 8 Weapon 14 | . . . . . . 2 . . . . . . . . . 2 1 9 Highest Loss Streak 12 | . . . . 1 . 8 5 . 1 . . . 1 3 1 2 3 12 To Critical Strikes 3 | . . . . . . . . . . . . . . . . . . 3 Average Slot Usage (%) 95 | . 100 100 100 99 74 90 96 98 100 100 100 100 100 98 97 87 88 82 Engine 6 | . 14 14 14 14 9 9 6 6 6 6 6 6 9 5 3 . . . Reactor 1 | . . . . . . . . . . . . . . 1 3 5 9 8 Treads 18 | . 28 28 28 27 18 6 1 23 26 26 26 26 23 20 18 10 10 8 Leg 3 | . . . . . . 26 25 . . . . . . . . . . . Device 23 | . 14 14 14 14 20 17 21 26 21 20 20 20 23 30 30 28 30 29 Storage 6 | . 14 14 14 14 9 9 7 6 6 6 6 6 5 5 5 5 5 3 Processor 1 | . . . . . . . . . . . . . . . 5 5 5 3 Protection 7 | . . . . . . 4 7 6 11 13 13 13 11 9 4 5 5 3 Energy Gun 1 | . 7 . . . . 12 6 . . . . . . . . . . . Ballistic Gun 16 | . . . . . . . 13 23 26 26 26 25 21 15 15 1 18 16 Ballistic Cannon 4 | . 20 28 28 28 17 3 . . . . . . . . 3 14 1 . Naked Turns . | . . . . . . . . . . . . . . . . . . . Heaviest Build 138 | 13 30 30 30 30 38 56 72 76 81 82 82 86 104 109 126 135 135 138 Greatest Support 160 | 40 40 40 40 40 60 80 51 104 116 116 116 114 114 114 126 160 160 160 Greatest Overweight (x) 3 | . . . . . 1 3 2 2 . . . . . . 1 . . 1 Average Overweight (x) . | . . . . . . . 1 . . . . . . . . . . . Largest Inventory Capacity 20 | 8 15 15 15 15 15 20 20 20 20 20 20 20 20 20 20 20 20 20 Average Capacity 19 | 7 10 15 15 15 15 18 20 20 20 20 20 20 20 20 20 20 20 19 Most Carried 20 | 1 10 15 15 15 15 20 20 20 20 20 20 20 20 20 20 20 20 20 Average Carried 18 | . 5 13 15 14 14 18 19 19 19 20 19 19 19 19 19 19 18 18 Final Capacity 20 | 8 15 15 15 15 15 20 20 20 20 20 20 20 20 20 20 20 20 5 Final Carried 20 | 1 10 15 15 15 15 20 20 20 20 20 20 20 19 20 20 20 20 4 Class Distribution -------------------- 42% | Scavenger-Tank 19% | Tank 17% | Mutant 14% | Scavenger-Gunner 6% | Scavenger-Mutant Dominant Class ---------------- Mutant | -10/Materials Mutant | -10/Mines Mutant | -10/Exiles Mutant | -9/Mines Mutant | -8/Materials Mutant | -8/Storage Scavenger-Tank | -7/Factory Tank | -6/Factory Tank | -6/Lower Caves Scavenger-Tank | -6/Lower Caves Scavenger-Tank | -6/Zion Scavenger-Tank | -5/Proximity Caves Scavenger-Tank | -5/Factory Scavenger-Tank | -4/Factory Scavenger-Tank | -4/Extension Scavenger-Tank | -4/Cetus Scavenger-Gunner | -4/Archives Scavenger-Gunner | -3/Research Resources | -11 -10 -10 -10 -9 -8 -8 -7 -6 -6 -6 -6 -5 -5 -4 -4 -4 -4 -3 ----------- Run | Yrd Mat Min Exi Min Mat Sto Fac Fac Low Low Zio Pro Fac Fac Ext Cet Arc Res Matter Collected 11530 | 169 167 240 . 76 36 846 593 711 502 327 39 276 1879 444 1805 914 395 2111 Remotely 4885 | . . . . . 1 378 . . . . . . . . 1783 914 395 1414 Salvage Created 13289 | 59 188 193 13 39 35 1110 573 739 486 316 . 244 1623 623 3193 887 340 2628 Parts 668 | 6 12 16 2 11 3 53 33 40 20 18 . 11 74 34 117 45 17 156 Haulers Intercepted 13 | . 1 . . . . 3 . 1 . . . . 3 . 2 . . 3 Recyclers Shooed 7 | . 1 . . . 1 1 1 . . . . . 3 . . . . . Parts Field Recycled . | . . . . . . . . . . . . . . . . . . . Retrieved Matter . | . . . . . . . . . . . . . . . . . . . Parts Self-Destructed 49 | . . . . . . . . . 17 17 4 11 . . . . . . Prevented 9 | . . . . . . . . . . . . 9 . . . . . . Kills | -11 -10 -10 -10 -9 -8 -8 -7 -6 -6 -6 -6 -5 -5 -4 -4 -4 -4 -3 ------- Run | Yrd Mat Min Exi Min Mat Sto Fac Fac Low Low Zio Pro Fac Fac Ext Cet Arc Res Combat Hostiles Destroyed 216 | . 2 8 . 6 1 22 14 14 7 5 . 6 20 10 43 14 4 40 Melee 5 | . . . . . . . . . . . . . 3 . . . . 2 Guns 126 | . . . . . . 15 14 12 7 5 . 6 17 10 14 . . 26 Cannons 51 | . 2 8 . 6 1 7 . . . . . . . . 6 14 4 3 AOE 30 | . . . . . . . . . . . . . . . 23 . . 7 Classes Destroyed 21 | 1 5 1 1 1 1 2 3 1 2 . . . 1 . 2 . . . Worker 17 | . . . . 1 . 1 1 . . . . . 2 1 4 . . 7 Builder 17 | . . . . . . . . 1 . . . . 2 1 6 . . 7 Tunneler 5 | 3 . . . . . . . . . . . . . . 1 . . 1 Hauler 13 | . 1 . . . . 3 . 1 . . . . 3 . 2 . . 3 Recycler 13 | . 1 . . . . 1 . . . . . . 1 . 8 . . 2 Mechanic 1 | . 1 . . . . . . . . . . . . . . . . . Operator 6 | . 1 . . . . . . 1 . . . . . . 1 . 3 . Watcher 8 | . . . . . . 1 1 1 . . . . . 1 . 2 . 2 Swarmer 45 | . . 3 . 6 . 3 7 8 . . . 3 1 4 3 . . 7 Saboteur 1 | . . . . . . . . . . . . . . . 1 . . . Grunt 79 | . 2 5 . . . 10 4 4 4 3 . 3 8 2 22 4 . 8 Brawler 8 | . . . . . . . . . 2 1 . . 1 . 3 . . 1 Duelist 4 | . . . . . . 2 . . . . . . . . 2 . . . Protector 3 | . . . . . . . . . . . . . . . 2 . . 1 Sentry 21 | . . . . . 1 7 . . . 1 . . 1 2 5 . 4 . Specialist 4 | . . . . . . . . . . . . . 2 . . . . 2 Hunter 18 | . . . . . . . 1 2 . . . . 3 . 1 2 . 9 Programmer 19 | . . . . . . . 1 . . . . . 4 2 2 . . 10 Heavy 1 | . . . . . . . 1 . . . . . . . . . . . Behemoth 5 | . . . . . . . . . 1 . . . . . 2 . . 2 Cetus Guard 8 | . . . . . . . . . . . . . . . . 8 . . Zionite 1 | . . . 1 . . . . . . . . . . . . . . . Guerrilla 1 | . . . . . . . . . . . . . . . 1 . . . Best Kill Streak 22 | 1 6 3 . 3 1 7 6 5 3 4 . 3 7 4 22 9 4 18 Combat Bots Only 14 | . 2 3 . 3 1 6 6 4 3 4 . 3 6 4 14 8 4 7 Max Kills in Single Turn 10 | 1 2 2 1 2 1 2 2 1 2 1 . 2 2 3 4 1 1 10 Gunslinging 2 | . . . . . . . 1 . 1 . . 1 1 2 1 . . 1 Exploded 3 | . . . . . . . . . . . . . . . 3 . . 3 Melee 1 | . . . . . . . . . . . . . 1 . . . . 1 Uniques/NPCs Destroyed . | . . . . . . . . . . . . . . . . . . . Combat | -11 -10 -10 -10 -9 -8 -8 -7 -6 -6 -6 -6 -5 -5 -4 -4 -4 -4 -3 -------- Run | Yrd Mat Min Exi Min Mat Sto Fac Fac Low Low Zio Pro Fac Fac Ext Cet Arc Res Hostile Shots Fired 1448 | . 17 28 . 53 2 108 77 68 31 25 . 13 183 79 125 86 37 516 Missed 450 | . 5 8 . 17 2 33 24 17 7 6 . 1 66 18 38 25 9 174 Damage Taken 16808 | . 157 228 . 283 . 1197 945 551 381 137 . 178 1541 1355 1511 1121 657 6566 Core 2153 | . 30 45 . 80 . 226 73 44 24 23 . 9 50 88 103 48 . 1310 Absorbed by Shields 1998 | . . . . . . 85 39 207 129 55 . 65 479 44 539 140 . 216 Reduced by Siege Mode 339 | . . . . . . . . . . . . . . . . . . 339 Redirected to Shielding 208 | . . . . . . . . . . . . 14 85 109 . . . . Ignored by Resistances 408 | . . . . . . . . . . 29 . 30 143 . . 116 90 . Regen/Repaired (Parts) 893 | . . . . . . . 48 . . . 746 . . 99 . . . . Core Remaining (%) 78 | 100 . . . 38 . 58 89 . . . . 88 95 . . . 79 . Volleys Fired 605 | 9 13 20 1 19 4 75 51 35 25 13 . 16 82 30 71 38 21 82 Largest 4 | 2 2 2 1 2 2 2 3 4 4 4 . 4 4 4 4 3 4 4 Hottest 216 | 80 70 70 35 70 70 141 166 100 100 100 . 108 110 108 175 175 216 140 Shots Fired 1771 | 18 26 40 1 30 8 137 152 121 100 52 . 43 326 92 192 115 70 248 Gun 1366 | 18 . . . . . 74 152 121 100 52 . 36 326 92 127 15 33 220 Cannon 377 | . 26 40 1 30 8 63 . . . . . 7 . . 41 100 37 24 Launcher 28 | . . . . . . . . . . . . . . . 24 . . 4 Special . | . . . . . . . . . . . . . . . . . . . Kinetic 1638 | . 26 40 1 30 8 61 141 121 100 52 . 43 326 92 168 115 70 244 Thermal 87 | . . . . . . 76 11 . . . . . . . . . . . Explosive 28 | . . . . . . . . . . . . . . . 24 . . 4 Electromagnetic 18 | 18 . . . . . . . . . . . . . . . . . . Robot Hit Streak 25 | 11 11 7 8 9 4 14 12 9 20 12 . 9 21 14 18 5 5 25 Robot Miss Streak 6 | 2 1 3 . 2 1 4 6 4 3 4 . 4 3 2 4 4 3 6 Penetration Max 2 | . . . . . . . . . . . . . 1 2 1 1 . 1 Secondary Targets 34 | . . . . . . . 5 . 4 3 . 4 4 3 3 . . 8 Max Gunslinging Chain 2 | . . . . . . . 1 . 1 1 . 1 1 2 1 . . 1 Shots Hit Robots 1106 | 11 18 19 1 16 6 97 79 69 71 36 . 23 223 71 127 50 39 150 Core Hits 652 | 4 7 10 1 5 1 57 33 31 25 15 . 12 76 34 174 29 20 118 Critical Kills 36 | . . . . . . . 1 . . . . 1 3 3 2 14 . 12 Critical Parts Destroyed 38 | . . . . . . . 2 2 . . . 1 3 3 5 7 3 12 Critical Strikes 94 | . 1 . . 1 . 5 3 2 . . . 2 6 7 9 22 11 25 Burn 2 | . . . . . . 2 . . . . . . . . . . . . Destroy 80 | . . . . . . . 3 . . . . 2 6 7 7 22 10 23 Blast 9 | . 1 . . 1 . 3 . . . . . . . . 2 . 1 1 Smash 3 | . . . . . . . . 2 . . . . . . . . . 1 Melee Attacks 56 | . . . . . . 8 18 9 . . . . 2 4 . . . 15 Impact 51 | . . . . . . 3 18 9 . . . . 2 4 . . . 15 Slashing 5 | . . . . . . 5 . . . . . . . . . . . . Piercing . | . . . . . . . . . . . . . . . . . . . Sneak Attacks 1 | . . . . . . 1 . . . . . . . . . . . . Combat Hostiles . | . . . . . . . . . . . . . . . . . . . Follow-up Attacks . | . . . . . . . . . . . . . . . . . . . Damage Inflicted 34901 | 194 322 377 19 317 105 2243 1496 1244 1274 596 . 511 4350 1618 9698 1113 1242 8182 Guns 20669 | 169 . . . . . 1512 1404 1130 1274 596 . 487 4332 1618 2904 125 507 4611 Cannons 5041 | . 322 377 19 317 105 659 . . . . . 24 . . 702 988 735 793 Explosions 8759 | 25 . . . . . . 92 . . . . . . . 6092 . . 2550 Melee 414 | . . . . . . 72 . 114 . . . . . . . . . 228 Ramming 18 | . . . . . . . . . . . . . 18 . . . . . Kinetic 23954 | . 322 377 19 317 105 659 1329 1130 1274 596 . 511 4332 1618 3606 1113 1242 5404 Thermal 1704 | 25 . . . . . 1512 167 . . . . . . . . . . . Explosive 8642 | . . . . . . . . . . . . . . . 6092 . . 2550 Electromagnetic 169 | 169 . . . . . . . . . . . . . . . . . . Impact 342 | . . . . . . . . 114 . . . . . . . . . 228 Slashing 72 | . . . . . . 72 . . . . . . . . . . . . Piercing . | . . . . . . . . . . . . . . . . . . . Highest Corruption 27 | . . . . . . . 1 . . . . . 1 4 5 5 5 27 Average Corruption 4 | . . . . . . . 1 . . . . . 1 2 4 5 4 7 Corruption Purged 5 | . . . . . . . . . . . . . . . . . 5 . Corruption Blocked 9 | . . . . . . . . . . . . . . . . . . 9 Effects 73 | . . . . . . . 2 . . . . . 3 1 28 13 7 19 Message Errors 21 | . . . . . . . 1 . . . . . 1 . 10 3 1 5 Matter Fused 20 | . . . . . . . . . . . . . 2 . 7 5 2 4 Heat Flow Errors 5 | . . . . . . . . . . . . . . 1 . 1 1 2 Energy Discharges 3 | . . . . . . . . . . . . . . . 3 . . . Parts Fused 1 | . . . . . . . . . . . . . . . 1 . . . Data Loss (minor) 9 | . . . . . . . 1 . . . . . . . 1 3 2 2 Data Loss (major) 2 | . . . . . . . . . . . . . . . 2 . . . Misfires 5 | . . . . . . . . . . . . . . . 3 1 1 . Alerts 2 | . . . . . . . . . . . . . . . 1 . . 1 Misdirections 2 | . . . . . . . . . . . . . . . . . . 2 Weapon Failures 3 | . . . . . . . . . . . . . . . . . . 3 Overload Shots . | . . . . . . . . . . . . . . . . . . . Overflow Damage 532 | . . . . 46 . 1 99 63 . . . . . . 170 . . 153 Projectiles 64 | . . . . 46 . 1 . . . . . . . . 17 . . . Explosions 339 | . . . . . . . 99 . . . . . . . 153 . . 87 Melee 129 | . . . . . . . . 63 . . . . . . . . . 66 Knockbacks 38 | . 1 2 . 6 1 9 . 2 . . . . 1 . 8 . 2 6 Impact 3 | . . . . . . . . 2 . . . . 1 . . . . . Kinetic 34 | . 1 2 . 6 1 9 . . . . . . . . 7 . 2 6 Secondary 1 | . . . . . . . . . . . . . . . 1 . . . Self-Inflicted Damage 243 | . . . . . . . 95 . . . . . . . . . . 148 Shots 3 | . . . . . . . 1 . . . . . . . . . . 2 Rammed 3 | . . . . . . . . . . . . . 2 . . . . 1 Targets Rammed 6 | . . . . . . . . . . . . . 5 . . . . 1 Kicked . | . . . . . . . . . . . . . . . . . . . Crushed 3 | . . . . . . . . . . . . . 3 . . . . . Highest Temperature 389 | 90 165 141 . 36 . 48 194 171 239 316 . 108 238 185 345 336 341 389 Average Temperature 71 | 34 66 43 . 16 . 9 47 59 118 132 . 51 78 33 66 90 111 89 Received Heat Transfer 2086 | . 84 90 . . . 389 77 54 108 58 . 60 340 264 193 90 72 207 Effects 2 | . . . . . . . . . . . . . . . . . . 2 Interference 2 | . . . . . . . . . . . . . . . . . . 2 Siege Activations 1 | . . . . . . . . . . . . . . . . . . 1 Total Turns 23 | . . . . . . . . . . . . . . . . . . 23 Longest Duration 23 | . . . . . . . . . . . . . . . . . . 23 Robots Corrupted . | . . . . . . . . . . . . . . . . . . . Combat Hostiles . | . . . . . . . . . . . . . . . . . . . Parts Fried 8 | . . . . . . . . 4 . . . . . . . . . 4 Impact Corruptions 7 | . . . . . . . . 3 . . . . . . . . . 4 Robots Melted 1 | . . . . . . 1 . . . . . . . . . . . . Combat Hostiles . | . . . . . . . . . . . . . . . . . . . Parts Melted 6 | . . . . . . 6 . . . . . . . . . . . . Heat Transferred 3676 | 50 . . . . . 3414 212 . . . . . . . . . . . Parts Sabotaged 5 | . . . . . . . . . . . . . . . . . . 5 Parts Stolen . | . . . . . . . . . . . . . . . . . . . Parts Stripped . | . . . . . . . . . . . . . . . . . . . Power Chain Reactions 1 | 1 . . . . . . . . . . . . . . . . . . Alert | -11 -10 -10 -10 -9 -8 -8 -7 -6 -6 -6 -6 -5 -5 -4 -4 -4 -4 -3 ------- Run | Yrd Mat Min Exi Min Mat Sto Fac Fac Low Low Zio Pro Fac Fac Ext Cet Arc Res Peak Influence 1374 | 15 113 263 . 195 45 475 327 437 . . . . 555 744 1374 1058 603 1143 Initial 758 | . 9 43 . . . 18 139 154 . . . . 75 271 275 758 423 97 Average 367 | 5 38 158 . 128 2 328 122 277 . . . . 288 443 748 917 444 464 Maximum Alert Level 4 | . . 1 . . . 2 1 2 . . . . 2 3 4 3 2 4 Low Security (%) 27 | 100 100 61 . 100 100 8 82 11 . . . . 8 . . . . 11 Level 1 36 | . . 38 . . . 61 17 84 . . . . 74 51 16 . 17 36 Level 2 25 | . . . . . . 29 . 3 . . . . 16 45 45 . 82 36 Level 3 6 | . . . . . . . . . . . . . . 2 9 100 . 13 Level 4 3 | . . . . . . . . . . . . . . . 28 . . 1 Level 5 . | . . . . . . . . . . . . . . . . . . . High Security . | . . . . . . . . . . . . . . . . . . . Max Security . | . . . . . . . . . . . . . . . . . . . Squads Dispatched 41 | . 1 . . 1 . 6 4 3 . . . . 9 2 7 . . 8 Investigation 3 | . . . . 1 . 2 . . . . . . . . . . . . Extermination 9 | . . . . . . . 2 . . . . . 3 1 . . . 3 Reinforcement 17 | . 1 . . . . . 2 3 . . . . 5 . 3 . . 3 Assault 7 | . . . . . . 1 . . . . . . . 1 4 . . 1 Garrison 5 | . . . . . . 3 . . . . . . 1 . . . . 1 Intercept . | . . . . . . . . . . . . . . . . . . . Searches Triggered . | . . . . . . . . . . . . . . . . . . . Construction Impeded 2 | . . . . . . . . . . . . . . . 1 . . 1 Haulers Reinforced 4 | . . . . . . . . 1 . . . . 1 . . . . 2 Active Scanning Responses . | . . . . . . . . . . . . . . . . . . . Cargo Convoy Interrupts 1 | . . . . . . . . . . . . . . . . . . 1 Stealth | -11 -10 -10 -10 -9 -8 -8 -7 -6 -6 -6 -6 -5 -5 -4 -4 -4 -4 -3 --------- Run | Yrd Mat Min Exi Min Mat Sto Fac Fac Low Low Zio Pro Fac Fac Ext Cet Arc Res Distress Signals 20 | . 1 1 . . . 1 1 . . . . . 1 5 6 2 . 2 Communications Jammed 29 | . . . . . . . . . . . . . . . . . . 29 Distress Signals 29 | . . . . . . . . . . . . . . . . . . 29 Times Spotted 347 | . 4 8 . 9 1 29 23 16 7 5 . 12 45 34 54 16 14 70 Peak Tracking Total 18 | . 2 3 9 4 1 6 5 4 3 3 . 7 8 7 6 5 2 18 Tactical Retreats 13 | . . . . 3 . 1 3 . . . . . 2 1 1 . . 2 Traps | -11 -10 -10 -10 -9 -8 -8 -7 -6 -6 -6 -6 -5 -5 -4 -4 -4 -4 -3 ------- Run | Yrd Mat Min Exi Min Mat Sto Fac Fac Low Low Zio Pro Fac Fac Ext Cet Arc Res Traps Triggered 11 | . . . . . 2 . 1 . . . . . 1 1 1 . . 5 Indirectly . | . . . . . . . . . . . . . . . . . . . Trap Hack Attempts . | . . . . . . . . . . . . . . . . . . . Triggered . | . . . . . . . . . . . . . . . . . . . Disarmed . | . . . . . . . . . . . . . . . . . . . Reprogrammed . | . . . . . . . . . . . . . . . . . . . Reused . | . . . . . . . . . . . . . . . . . . . Traps Extracted . | . . . . . . . . . . . . . . . . . . . Installed . | . . . . . . . . . . . . . . . . . . . Triggered . | . . . . . . . . . . . . . . . . . . . Most Traps Carried 4 | . . 4 4 4 3 3 . . . . . . . . . . . . Machines | -11 -10 -10 -10 -9 -8 -8 -7 -6 -6 -6 -6 -5 -5 -4 -4 -4 -4 -3 ---------- Run | Yrd Mat Min Exi Min Mat Sto Fac Fac Low Low Zio Pro Fac Fac Ext Cet Arc Res Machines Disabled 33 | . . 1 . . . 4 3 . . . . 2 4 5 7 . 3 4 Max in Single Turn 3 | . . 1 . . . 1 3 . . . . . 1 1 2 . 1 1 Garrison Access 2 | . . . . . . 1 . . . . . . 1 . . . . . Energy Cycler 1 | . . . . . . . . . . . . . . . 1 . . . Machines Repaired . | . . . . . . . . . . . . . . . . . . . Machines Dismantled . | . . . . . . . . . . . . . . . . . . . Machines Sabotaged . | . . . . . . . . . . . . . . . . . . . Overloaded Fab Kills . | . . . . . . . . . . . . . . . . . . . Hacking | -11 -10 -10 -10 -9 -8 -8 -7 -6 -6 -6 -6 -5 -5 -4 -4 -4 -4 -3 --------- Run | Yrd Mat Min Exi Min Mat Sto Fac Fac Low Low Zio Pro Fac Fac Ext Cet Arc Res Machines Accessed 17 | . . . 2 1 1 6 1 1 . . . . 1 2 . . . 2 Terminals 6 | . . . . . 1 3 . 1 . . . . . 1 . . . . Fabricators . | . . . . . . . . . . . . . . . . . . . Repair Stations 4 | . . . . . . 1 1 . . . . . . 1 . . . 1 Recycling Units 1 | . . . . . . 1 . . . . . . . . . . . . Scanalyzers 1 | . . . . . . . . . . . . . . . . . . 1 Garrison Access 2 | . . . . . . 1 . . . . . . 1 . . . . . Total Hacks 32 | . . . 2 1 2 14 2 2 . . . . 1 3 . . . 5 Successful 17 | . . . 2 1 1 4 2 1 . . . . 1 3 . . . 2 Failed 15 | . . . . . 1 10 . 1 . . . . . . . . . 3 Catastrophic 3 | . . . . . . 3 . . . . . . . . . . . . Database Lockouts . | . . . . . . . . . . . . . . . . . . . Manual 39 | . . . 1 . . 2 . 2 . . . . 10 14 . . . 10 Terminals 13 | . . . . . 2 8 . 2 . . . . . 1 . . . . Fabricators . | . . . . . . . . . . . . . . . . . . . Repair Stations 8 | . . . . . . 1 2 . . . . . . 2 . . . 3 Recycling Units 3 | . . . . . . 3 . . . . . . . . . . . . Scanalyzers 2 | . . . . . . . . . . . . . . . . . . 2 Garrison Access 3 | . . . . . . 2 . . . . . . 1 . . . . . Terminal Hacks 8 | . . . 2 1 1 2 . 1 . . . . . 1 . . . . Record 1 | . . . 1 . . . . . . . . . . . . . . . Prototype ID Bank 1 | . . . . . 1 . . . . . . . . . . . . . Open Door 2 | . . . . 1 . . . . . . . . . 1 . . . . Branch Access Points 1 | . . . . . . . . 1 . . . . . . . . . . Alert Level 1 | . . . . . . 1 . . . . . . . . . . . . Unreport Threat 1 | . . . . . . 1 . . . . . . . . . . . . Derelict Proto ID Bank 1 | . . . 1 . . . . . . . . . . . . . . . Fabricator Hacks . | . . . . . . . . . . . . . . . . . . . Repair Station Hacks 5 | . . . . . . . 2 . . . . . . 2 . . . 1 Scan Component 3 | . . . . . . . 1 . . . . . . 1 . . . 1 Repair 2 | . . . . . . . 1 . . . . . . 1 . . . . Recycling Unit Hacks 1 | . . . . . . 1 . . . . . . . . . . . . Retrieve Components 1 | . . . . . . 1 . . . . . . . . . . . . Scanalyzer 1 | . . . . . . . . . . . . . . . . . . 1 Insert Component 1 | . . . . . . . . . . . . . . . . . . 1 Garrison Access Hacks 1 | . . . . . . . . . . . . . 1 . . . . . Seal Access 1 | . . . . . . . . . . . . . 1 . . . . . Unauthorized Hacks 1 | . . . . . . 1 . . . . . . . . . . . . Terminals . | . . . . . . . . . . . . . . . . . . . Fabricators . | . . . . . . . . . . . . . . . . . . . Repair Stations . | . . . . . . . . . . . . . . . . . . . Recycling Units 1 | . . . . . . 1 . . . . . . . . . . . . Mask 1 | . . . . . . 1 . . . . . . . . . . . . Scanalyzers . | . . . . . . . . . . . . . . . . . . . Garrison Access . | . . . . . . . . . . . . . . . . . . . Data Cores Recovered 1 | . . . . . . . . 1 . . . . . . . . . . Used . | . . . . . . . . . . . . . . . . . . . Hacking Detections 8 | . . . . . 1 4 . . . . . . . 1 . . . 2 Full Trace Events 3 | . . . . . . 3 . . . . . . . . . . . . Feedback Events . | . . . . . . . . . . . . . . . . . . . Feedback Blocked . | . . . . . . . . . . . . . . . . . . . Robot Schematics Acquired . | . . . . . . . . . . . . . . . . . . . Robots Built . | . . . . . . . . . . . . . . . . . . . Authchips . | . . . . . . . . . . . . . . . . . . . Time . | . . . . . . . . . . . . . . . . . . . Total Robot Build Rating . | . . . . . . . . . . . . . . . . . . . Part Schematics Acquired . | . . . . . . . . . . . . . . . . . . . Parts Built . | . . . . . . . . . . . . . . . . . . . Authchips . | . . . . . . . . . . . . . . . . . . . Time . | . . . . . . . . . . . . . . . . . . . Total Part Build Rating . | . . . . . . . . . . . . . . . . . . . Parts Repaired 2 | . . . . . . . 1 . . . . . . 1 . . . . Time 63 | . . . . . . . 44 . . . . . . 19 . . . . Parts Recycled . | . . . . . . . . . . . . . . . . . . . Recycled Matter . | . . . . . . . . . . . . . . . . . . . Retrieved Matter . | . . . . . . . . . . . . . . . . . . . Retrieved Components 10 | . . . . . . 10 . . . . . . . . . . . . Parts Scanalyzed 1 | . . . . . . . . . . . . . . . . . . 1 Part Schematics Acquired . | . . . . . . . . . . . . . . . . . . . Parts Damaged . | . . . . . . . . . . . . . . . . . . . Bothacking | -11 -10 -10 -10 -9 -8 -8 -7 -6 -6 -6 -6 -5 -5 -4 -4 -4 -4 -3 ------------ Run | Yrd Mat Min Exi Min Mat Sto Fac Fac Low Low Zio Pro Fac Fac Ext Cet Arc Res Used RIF Installer . | . . . . . . . . . . . . . . . . . . . Robots Hacked . | . . . . . . . . . . . . . . . . . . . Non-combat . | . . . . . . . . . . . . . . . . . . . Combat . | . . . . . . . . . . . . . . . . . . . Robot Hacks Applied . | . . . . . . . . . . . . . . . . . . . Relay Couplers Released 1 | . . . . . . 1 . . . . . . . . . . . . Machine Destruction 1 | . . . . . . 1 . . . . . . . . . . . . Fabnet Peak Effective % . | . . . . . . . . . . . . . . . . . . . Robots Rewired 8 | . . . . . . . . . . . . . . . 8 . . . Allies Hacked 2 | . . . . . . . . . . . . . 2 . . . . . Hacks Repelled . | . . . . . . . . . . . . . . . . . . . Allies | -11 -10 -10 -10 -9 -8 -8 -7 -6 -6 -6 -6 -5 -5 -4 -4 -4 -4 -3 -------- Run | Yrd Mat Min Exi Min Mat Sto Fac Fac Low Low Zio Pro Fac Fac Ext Cet Arc Res Total Allies 28 | . . . . . . . . . . . 7 . 8 1 9 . . 3 Largest Group 8 | . . . . . . . . . . . 7 7 8 1 5 . . 2 Highest-Rated Group 350 | . . . . . . . . . . . 222 222 350 106 235 . . 162 Highest-Rated Ally 106 | . . . . . . . . . . . 39 39 85 106 51 . . 81 Zionite Dispatches 6 | . . . . . . . . . . . . . 3 1 . . . 2 Heavy 1 | . . . . . . . . . . . . . 1 . . . . . Fire 1 | . . . . . . . . . . . . . 1 . . . . . Hacker 1 | . . . . . . . . . . . . . . . . . . 1 Hero 1 | . . . . . . . . . . . . . . 1 . . . . Offense Resupply 1 | . . . . . . . . . . . . . 1 . . . . . Defense Resupply 1 | . . . . . . . . . . . . . . . . . . 1 Total Orders 13 | . . . . . . . . . . . . . 8 2 . . . 3 ROAM 1 | . . . . . . . . . . . . . 1 . . . . . DROP 2 | . . . . . . . . . . . . . 1 . . . . 1 EXPLORE 2 | . . . . . . . . . . . . . 2 . . . . . RETURN 8 | . . . . . . . . . . . . . 4 2 . . . 2 Ally Attacks 193 | . . . . . . . . . . . . 47 52 44 48 . . 2 Total Damage 4952 | . . . . . . . . . . . . 752 1276 1659 1236 . . 29 Kills 41 | . . . . . . . . . . . . 5 13 13 9 . . 1 Allies Corrupted 3 | . . . . . . . . . . . . . 3 . . . . . Allies Melted . | . . . . . . . . . . . . . . . . . . . Intel | -11 -10 -10 -10 -9 -8 -8 -7 -6 -6 -6 -6 -5 -5 -4 -4 -4 -4 -3 ------- Run | Yrd Mat Min Exi Min Mat Sto Fac Fac Low Low Zio Pro Fac Fac Ext Cet Arc Res Robot Analysis Total . | . . . . . . . . . . . . . . . . . . . Derelict Logs Recovered 6 | . . 2 . 1 . . . . 1 . 1 1 . . . . . . Drone Launches 9 | . . . . . . . . . . . . . 4 2 . . . 3 Drone Recoveries 9 | . . . . . . . . . . . . . 4 2 . . . 3 Decoded 0b10 Intel 13 | . . . . . . . . . . . . . . 13 . . . . Garrisons 1 | . . . . . . . . . . . . . . 1 . . . . Patrols 5 | . . . . . . . . . . . . . . 5 . . . . Guards 7 | . . . . . . . . . . . . . . 7 . . . . Zionite Intel Received 3 | . . . . . . . . . . . . . . 2 . . . 1 Branch Access 1 | . . . . . . . . . . . . . . 1 . . . . Emergency Access 1 | . . . . . . . . . . . . . . 1 . . . . Active Terminals 1 | . . . . . . . . . . . . . . . . . . 1 Exploration | -11 -10 -10 -10 -9 -8 -8 -7 -6 -6 -6 -6 -5 -5 -4 -4 -4 -4 -3 ------------- Run | Yrd Mat Min Exi Min Mat Sto Fac Fac Low Low Zio Pro Fac Fac Ext Cet Arc Res Turns Passed 15468 | 126 273 578 369 463 223 953 1343 685 759 618 1485 1395 1418 810 1349 378 965 1278 Spaces Moved 7560 | 57 139 315 230 253 110 338 620 344 437 362 914 819 675 396 574 154 235 588 Core 51 | 2 . . . . . . . . . . . . . . . . . 49 Treads 6532 | 55 139 315 230 253 110 43 . 282 437 362 914 819 675 396 574 154 235 539 Legs 752 | . . . . . . 268 484 . . . . . . . . . . . Wheels 225 | . . . . . . 27 136 62 . . . . . . . . . . Hover . | . . . . . . . . . . . . . . . . . . . Flight . | . . . . . . . . . . . . . . . . . . . Fastest Speed 50 | 50 160 160 160 160 160 115 130 130 160 160 160 160 160 160 160 160 160 50 Average Speed 162 | 156 160 160 160 160 160 181 176 156 161 160 160 160 160 160 170 160 160 151 Slowest Speed 330 | 160 160 160 160 160 240 330 260 245 162 160 160 160 160 160 249 163 160 240 Overloaded Moves . | . . . . . . . . . . . . . . . . . . . Propulsion Burnouts . | . . . . . . . . . . . . . . . . . . . Robots Hopped . | . . . . . . . . . . . . . . . . . . . Cave-ins Triggered . | . . . . . . . . . . . . . . . . . . . Exploration Rate (%) 47 | 4 28 78 61 51 14 51 21 10 60 55 88 83 26 14 73 56 92 28 Regions Visited 18 Branch Regions 11 Pre-discovered Areas 4 | . . 3 1 . . . . . . . . . . . . . . . Known Exits Taken 5 | . . . . . 1 . . 1 . . . . 1 1 . . 1 . Unknown Exits Taken 13 | 1 1 1 1 1 . 1 1 . 1 1 1 1 . . 1 1 . . Scrap Searched 11 | . . 1 . 1 . . . . 1 4 2 2 . . . . . . Spaces Dug 59 | . . . . . . 2 15 3 . . . . 2 4 . . 2 31 Terrain Destroyed 619 | 5 . . . . . 3 16 3 . . . 8 17 10 184 12 21 340 Melee 26 | . . . . . . 2 15 3 . . . . 2 4 . . . . Projectile 229 | . . . . . . 1 . . . . . 8 15 6 32 12 21 134 AOE 364 | 5 . . . . . . 1 . . . . . . . 152 . . 206 Terrain Rammed . | . . . . . . . . . . . . . . . . . . . Walls Destroyed . | . . . . . . . . . . . . . . . . . . . Machines Disabled . | . . . . . . . . . . . . . . . . . . . Actions | -11 -10 -10 -10 -9 -8 -8 -7 -6 -6 -6 -6 -5 -5 -4 -4 -4 -4 -3 --------- Run | Yrd Mat Min Exi Min Mat Sto Fac Fac Low Low Zio Pro Fac Fac Ext Cet Arc Res Total 9862 | 73 162 349 232 283 149 521 792 454 477 393 943 893 937 525 841 223 784 831 Wait 948 | . . 10 . . 13 17 59 28 . 17 10 36 126 57 2 . 513 60 Move 7542 | 56 138 314 229 252 109 337 619 343 436 361 913 818 674 395 573 153 234 588 Hop . | . . . . . . . . . . . . . . . . . . . Pick Up 138 | 1 8 5 1 5 6 22 15 10 3 . 9 6 11 6 6 9 4 11 Fast Attach 81 | 7 . . . . 5 14 4 5 1 1 . 2 3 5 3 5 2 24 Attach 52 | . . . . 1 2 5 6 4 1 . . . 3 5 5 2 3 15 Detach 4 | . . . . . . 2 . . . . . . . . . . . 2 Swap 104 | . 3 . . 1 3 16 6 6 5 . 2 6 14 13 14 2 4 9 Drop 168 | . . . 1 5 7 25 14 14 6 1 9 9 17 10 9 14 3 24 Fire 605 | 9 13 20 1 19 4 75 51 35 25 13 . 16 82 30 71 38 21 82 Melee 56 | . . . . . . 8 18 9 . . . . 2 4 . . . 15 Ram 1 | . . . . . . . . . . . . . . . . . . 1 Kick . | . . . . . . . . . . . . . . . . . . . Crush 5 | . . . . . . . . . . . . . 5 . . . . . Escape Stasis 2 | . . . . . . . . . . . . . . . 2 . . . Rewire 156 | . . . . . . . . . . . . . . . 156 . . . Trap . | . . . . . . . . . . . . . . . . . . . Miscellaneous . | . . . . . . . . . . . . . . . . . . . Route ------- -11/Scrapyard -10/Materials -10/Mines (discovered 2 exits: [*Mat] / *Exi) -10/Exiles -9/Mines -8/Materials -8/Storage -7/Factory -6/Factory (discovered 2 exits: *Low x2) -6/Lower Caves -6/Lower Caves -6/Zion -5/Proximity Caves -5/Factory (discovered 3 exits: *Fac x3) -4/Factory (discovered 9 exits: Res x4 / Upp x2 / *Ext x2 / *Arm) -4/Extension (discovered 3 exits: *Res x2 / [*Cet]) -4/Cetus (discovered 2 exits: *Res / [*Arc]) -4/Archives (discovered 3 exits: *Res / [*Hub x2]) -3/Research History --------- Turn | Location | Event 4 | -11/Scrapyard | Discovered new exit (range 16) 127 | -11/Scrapyard | Entered Materials 262 | -10/Materials | Discovered new exit (range 14) 320 | -10/Materials | Build established: Mutant 400 | -10/Materials | Entered Mines 433 | -10/Mines | Met a Derelict bent on vengeance 445 | -10/Mines | Discovered new exit (range 9) 512 | -10/Mines | Found a hidden stash of uninstalled traps 764 | -10/Mines | Learned location of Zion (-6) 779 | -10/Mines | Assembled infested the area 787 | -10/Mines | Learned location of Storage (-8) 852 | -10/Mines | Met 8R-AWN 971 | -10/Mines | Discovered new exit (range 5) 978 | -10/Mines | Entered Exiles 1017 | -10/Exiles | Welcomed by 8R-AWN 1046 | -10/Exiles | Met EX-HEX 1090 | -10/Exiles | Met EX-BIN 1108 | -10/Exiles | Aligned with FarCom system 1110 | -10/Exiles | Given EX-Vault access code 1146 | -10/Exiles | Opened EX-Vault 1180 | -10/Exiles | Warned to stay clear of 0b10 Research branches 1225 | -10/Exiles | Met EX-DEC 1316 | -10/Exiles | Attacked by the Exiles 1335 | -10/Exiles | Discovered new exit (range 10) 1347 | -10/Exiles | Entered Mines 1463 | -9/Mines | Core integrity fell below 50% 1481 | -9/Mines | Learned 4 Materials zone layouts 1574 | -9/Mines | Met a Derelict shopkeep closing up shop 1790 | -9/Mines | Discovered new exit (range 12) 1810 | -9/Mines | Entered Materials 1810 | -8/Materials | Evolved 4 slots: Propulsion x2, Utility x2 1811 | -8/Materials | Identified exit to Storage 2033 | -8/Materials | Entered Storage 2253 | -8/Storage | Lost 8 parts (1p3n2u2w) 2873 | -8/Storage | Discovered new exit (range 16) 2986 | -8/Storage | Entered Factory 2986 | -7/Factory | Evolved 2 slots: Utility x1, Weapon x1 3247 | -7/Factory | Build established: Scavenger-Tank 3482 | -7/Factory | Repaired Gatling Laser 3620 | -7/Factory | Build established: Scavenger-Mutant 3796 | -7/Factory | Discovered new exit (range 7) 4123 | -7/Factory | Lost 5 parts (1p4n) 4329 | -7/Factory | Entered another Factory area 4329 | -6/Factory | Evolved 2 slots: Utility x1, Weapon x1 4351 | -6/Factory | Build established: Tank 4693 | -6/Factory | Identified exit to Lower Caves 5014 | -6/Factory | Entered Lower Caves 5157 | -6/Lower Caves | Learned 4 Factory zone layouts 5259 | -6/Lower Caves | Encountered a Warlord checkpoint 5479 | -6/Lower Caves | Spotted B-75 Beast 5494 | -6/Lower Caves | Destroyed B-75 Beast 5556 | -6/Lower Caves | Discovered new exit (range 15) 5773 | -6/Lower Caves | Entered another Lower Caves area 6020 | -6/Lower Caves | Attracted the attention of an 0b10 checkpoint 6356 | -6/Lower Caves | Build established: Scavenger-Tank 6370 | -6/Lower Caves | Discovered new exit (range 9) 6391 | -6/Lower Caves | Entered Zion 6417 | -6/Zion | Received a visual enhancement algorithm 6791 | -6/Zion | Learned Factory security intel 7070 | -6/Zion | Visited the Megawrench Repair Shop 7192 | -6/Zion | Found CR-A16's Pointy Stick 7295 | -6/Zion | Given the Hacking Drone Bay 7296 | -6/Zion | Found Prototype Device 7362 | -6/Zion | Imprinted 7364 | -6/Zion | Declared Zion's savior 7373 | -6/Zion | Build established: Tank 7503 | -6/Zion | Gained Derelict followers 7621 | -6/Zion | Megawrench repaired 13 parts 7842 | -6/Zion | Discovered new exit (range 16) 7876 | -6/Zion | Entered Proximity Caves 7876 | -5/Proximity Caves | Accompanied by 7 allies 8078 | -5/Proximity Caves | Learned Factory terminal intel 8101 | -5/Proximity Caves | Build established: Scavenger-Tank 8157 | -5/Proximity Caves | Attracted the attention of an 0b10 checkpoint 9105 | -5/Proximity Caves | Attracted the attention of an 0b10 base 9139 | -5/Proximity Caves | Lost 4 allies 9243 | -5/Proximity Caves | Discovered new exit (range 15) 9271 | -5/Proximity Caves | Entered Factory 9271 | -5/Factory | Accompanied by 2 allies 9271 | -5/Factory | Evolved 2 slots: Power x1, Utility x1 9272 | -5/Factory | Identified exit to Factory 9274 | -5/Factory | Loaded intel: 26 terminal locations 9541 | -5/Factory | Identified Hacking Drone Bay 9617 | -5/Factory | Zion Heavy squad teleported in 9675 | -5/Factory | Zion Fire squad teleported in 9892 | -5/Factory | Zion Offense Resupply teleported in 10232 | -5/Factory | Discovered exit to Factory (range 12) 10251 | -5/Factory | Lost 4 allies 10644 | -5/Factory | Terminal network hard line cut 10644 | -5/Factory | Discovered exit to Factory (range 15) 10689 | -5/Factory | Entered another Factory area 10689 | -4/Factory | Evolved 2 slots: Utility x2 10873 | -4/Factory | Zion hero teleported in (12-ASH) 10955 | -4/Factory | Identified exit to Research 10956 | -4/Factory | Identified exit to Upper Caves 10956 | -4/Factory | Identified exit to Extension 10956 | -4/Factory | Identified exit to Armory 10995 | -4/Factory | Retrieved Zion intel report: Branch Access 11045 | -4/Factory | Retrieved Zion intel report: Emergency Access 11108 | -4/Factory | Repaired Imp. Utility Shielding 11390 | -4/Factory | Found Prototype Ballistic Gun 11390 | -4/Factory | Identified 12-ASH's Boomstick 11439 | -4/Factory | First assault squad dispatched 11472 | -4/Factory | Found Prototype Processor 11472 | -4/Factory | Identified Exp. Core Analyzer 11499 | -4/Factory | Entered Extension 11515 | -4/Extension | Lost 3 parts (3u) 11556 | -4/Extension | Energy Cycler disabled 11556 | -4/Extension | Rescued a captive Derelict 11557 | -4/Extension | Rescued a captive Derelict 11557 | -4/Extension | Rescued a captive Derelict 11558 | -4/Extension | Rescued a captive Derelict 11559 | -4/Extension | Rescued a captive Derelict 11560 | -4/Extension | Rescued a captive Derelict 11561 | -4/Extension | Rescued a captive Derelict 11561 | -4/Extension | Rescued a captive Derelict 11563 | -4/Extension | Rescued a captive Derelict 11563 | -4/Extension | Rescued a captive Derelict 11818 | -4/Extension | Lost 3 allies 12249 | -4/Extension | First assault squad dispatched 12282 | -4/Extension | Spotted B-86 Titan 12287 | -4/Extension | Destroyed B-86 Titan 12299 | -4/Extension | Spotted B-86 Titan 12306 | -4/Extension | Discovered exit to Research (range 15) 12310 | -4/Extension | Destroyed B-86 Titan 12324 | -4/Extension | Disrupted transfer network 12354 | -4/Extension | Lost 3 allies 12361 | -4/Extension | Destroyed 14 combat bots 12605 | -4/Extension | Discovered new exit (range 16) 12607 | -4/Extension | Discovered exit to Research (range 15) 12820 | -4/Extension | Terminal network hard line cut 12848 | -4/Extension | Entered Cetus 12867 | -4/Cetus | Spotted Cetus Guard 12868 | -4/Cetus | Destroyed Cetus Guard 12871 | -4/Cetus | Spotted Cetus Guard 12871 | -4/Cetus | Spotted Cetus Guard 12872 | -4/Cetus | Destroyed Cetus Guard 12873 | -4/Cetus | Spotted Cetus Guard 12875 | -4/Cetus | Destroyed Cetus Guard 12881 | -4/Cetus | Destroyed Cetus Guard 13011 | -4/Cetus | Discovered new exit (range 16) 13036 | -4/Cetus | Spotted Cetus Guard 13037 | -4/Cetus | Spotted Cetus Guard 13037 | -4/Cetus | Spotted Cetus Guard 13038 | -4/Cetus | Spotted Cetus Guard 13041 | -4/Cetus | Destroyed Cetus Guard 13053 | -4/Cetus | Destroyed Cetus Guard 13056 | -4/Cetus | Destroyed Cetus Guard 13059 | -4/Cetus | Destroyed Cetus Guard 13074 | -4/Cetus | Discovered exit to Research (range 15) 13105 | -4/Cetus | Scared off Revision 17 13117 | -4/Cetus | Destroyed 8 combat bots 13226 | -4/Cetus | Entered Archives 13313 | -4/Archives | Lost 3 parts (1p1u1w) 13363 | -4/Archives | Discovered new exit (range 15) 13389 | -4/Archives | Discovered new exit (range 16) 13407 | -4/Archives | Discovered exit to Research (range 16) 13584 | -4/Archives | Build established: Scavenger-Gunner 14191 | -4/Archives | Entered Research 14191 | -3/Research | Evolved 2 slots: Utility x2 14240 | -3/Research | Spotted B-86 Titan 14246 | -3/Research | Destroyed B-86 Titan 14256 | -3/Research | Found Hvy. Reflective Plating 14406 | -3/Research | Retrieved Zion intel report: Active Terminals 14407 | -3/Research | Zion Hacker squad teleported in 14444 | -3/Research | Garrison activated, responded to threat 14589 | -3/Research | Found Prototype Launcher 14589 | -3/Research | Identified Tactical Quantum Warhead 14722 | -3/Research | Zion Defense Resupply teleported in 14819 | -3/Research | P-80 Master assimilated allied XQ-CX5(A) 14941 | -3/Research | First assault squad dispatched 15028 | -3/Research | Destroyed 7 combat bots 15148 | -3/Research | Spotted B-86 Titan 15158 | -3/Research | Destroyed B-86 Titan 15305 | -3/Research | Cargo convoy interrupted 15316 | -3/Research | System corruption reached 10% 15377 | -3/Research | Destroyed 7 combat bots 15378 | -3/Research | Lost 12 parts (1p2n2u7w) 15417 | -3/Research | Core integrity fell below 50% 15438 | -3/Research | Core integrity fell below 20% 15449 | -3/Research | Lost 7 parts (1p2n3u1w) 15469 | -3/Research | Destroyed by H-77 Assassin with Coil Gun Last Messages --------------- 15446_ S-43 Plague system terminally corrupted. 15446_ Lgt. Antimatter Reactor fried. 15446_ Xenon Bombardment Thruster fried. 15450_ N|RR 1Z2|BY7,BW7TN:7BSWEMX>:V&OOLZC 15451_ K-01 Serf collects debris. 15461_ S-43 Plague destroyed. 15462_ Acquired 32 matter. 15465_ K-01 Serf collects debris. 15466_ Slug penetrates Wall. 15466_ Penetrated by Slug. 15467_ S-43 Plague suffers critical hit (Smash). 15467_ Destroyed Xenon Bombardment Thruster. 15467_ S-43 Plague system corrupted by crushing effect. 15468_ S-43 Plague system terminally corrupted. 15468_ Lgt. Antimatter Reactor fried. 15468_ K-01 Serf collects debris. 15469_ Acquired 35 matter. 15469_ Destroyed Xenon Bombardment Thruster. 15469_ S-43 Plague system corrupted by crushing effect. 15469_ Slug penetrates Wall. Map ----- +----------------------------------------------------+ | [ ] #%|^"# #?????????????????????????????? | | *= !] =!%!# ! ??????????????????????????????? | | []] =| ##????????????????????????????????????? | | = # [! ##???????????????????????????????????? | | != %%![ #???????????????????????????????????? | | [ !=!!= %##???????????????????????????????????? | | *= [ !%= #?????? ?????????????????????????? | | !* !% ##?????# ?????????????????????????? | | %%"######## ?????????????????????????? | | #????????????????????????? | | # # % #????????????????????????? | | ### #????????????????????????? | | #?# #????????????????????????? | | #?## ######### #????????????????????????? | | # ##??# ###???????# #????????????????????????? | | ###???# #?????????# #????????????????????????? | | ??????# #?????????# #????????????????????????? | | ??????# #?????????# #????????????????????????? | | ??????# #?????????# ##???????????????????????? | | ??????# #?????????# T#???????????????????????? | | ??????# ########### #???????????????????????? | | ?????## # # ##########???????????????? | | ?????+H + !# # #???????????????? | | ?????### # """" # # #???????????????? | | ???????# # ""R"" # # """ / #???????????????? | | ???????# # "" "" # #@ """ #???????????????? | | ???????# # # *s%="S #???????????????? | | ???????# # # k%#= """ #???????????????? | | ???????# # # # "" #???????????????? | | ??????## ####/###### # ????????????????? | | # ! ????????????????? | | ##########???????????????? | | #????????????????????????? | | #????????????????????????? | | #################+####????????????????????????? | | ?????????????????????????????????????????????????? | | ?????????????????????????????????????????????????? | | ?????????????????????????????????????????????????? | | ?????????????????????????????????????????????????? | | ?????????????????????????????????????????????????? | | ?????????????????????????????????????????????????? | | ?????????????????????????????????????????????????? | | ?????????????????????????????????????????????????? | | ?????????????????????????????????????????????????? | | ?????????????????????????????????????????????????? | | ?????????????????????????????????????????????????? | | ?????????????????????????????????????????????????? | | ?????????????????????????????????????????????????? | | ?????????????????????????????????????????????????? | | ?????????????????????????????????????????????????? | +----------------------------------------------------+ Best States ------------- Heat Dissipation 101 Energy Generation 45 Energy Capacity 600 Matter Stores 300 Matter Capacity 300 Sight Range 16 Terrain Scan Density 10 Jamming Range 14 Armor Coverage 825 Resistance: KI 25 Resistance: TH 30 Utility Shielding 66 Weapon Cycling 25 Evasion (%) 50 Core Analysis 8 Recoil Reduction 4 Matter Filtering 30 Kinecelleration 40 Offensive Hacking 24 Item Schematics ----------------- None Robot Schematics ------------------ None Fabricated ------------ Nothing Alien Tech Used ----------------- None Achievements -------------- Gunslinger Challenges ------------ None Game ------ Seed SingularityNavigationRailgun Manual? 0 Play Time 01:53:00 Cumulative 172.3 hours Start 2024.04.03 @ 20:04:06 End 2024.04.03 @ 22:31:33 Sessions 1 Manual Loads 0 Difficulty Rogue Special Mode None Game No. 180 Rogue 144 Adventurer 36 Explorer 0 Win Type - Total 10 Types 3/0/7/0/0/0/0/0/0 Lore% 56 Gallery% 81 Achievement% 69 Wizard Run 0 Options --------- Layout 0 ASCII 0 Keyboard 0 Movement Mouse Keybinds 0 Fullscreen 1 Font 18/SmallcapsGlow Map View 76x50 Zoom Use 0% Tactical HUD 1 Map Filters NONE Filters NONE Steam 1 RUN: 5faee8c3-e905-47e6-9538-2e1788eb3ae8